 Dungeon Crawl Stone Soup version 0.30.1-11-g7821555f0a (webtiles) character file.

Game seed: 12386731663385548085

609 jagang the Slasher (level 7, -5/56 HPs)
             Began as a Barachi Monk on Nov 29, 2023.
             Slain by an ogre
             ... wielding a +0 giant club
              (14 damage)
             ... on level 4 of the Dungeon.
             The game lasted 00:07:19 (3194 turns).

jagang the Slasher (Barachi Monk)                   Turns: 3194, Time: 00:07:19

Health: -5/56      AC: 14    Str: 20    XL:     7   Next: 43%
Magic:  9/9        EV:  7    Int:  7    God:
Gold:   80         SH:  5    Dex: 17    Spells: 6/6 levels left

rFire   . . .        r - +2 whip of Weak Tender Mercy {drain, rPois Str+8 Int-3}
rCold   . . .        d - orb {light}
rNeg    . . .        w - +0 plate armour
rPois   +            m - +2 helmet
rElec   .            (no cloak)
rCorr   .            (no gloves)
SInv    .            (no boots)
Will    .....        l - amulet of reflection Stlth
                     (no ring)
HPRegen 0.29/turn    (no ring)
MPRegen 0.11/turn

%: reflection
@: glowing, slow
A: amphibious, slowness 1, strong legs 1, +LOS
a: Hop


You were on level 4 of the Dungeon.
You visited 1 branch of the dungeon, and saw 5 of its levels.

You collected 80 gold pieces.

Inventory:

Hand Weapons
 a - a +0 falchion
 r - the +2 whip of Weak Tender Mercy (weapon) {drain, rPois Str+8 Int-3}
   (You found it on level 2 of the Dungeon)

   Str:       It affects your strength (+8).
   Int:       It affects your intelligence (-3).
   rPois:     It protects you from poison.
 s - a +0 demon trident of venom
Missiles
 v - 3 boomerangs
Armour
 d - an orb of light (worn)
 m - a +2 helmet (worn)
 w - a +0 plate armour (worn)
Jewellery
 g - an amulet of guardian spirit
 l - an amulet of reflection (around neck)
Scrolls
 b - 2 scrolls of torment {unknown}
 f - a scroll of identify {unknown}
 i - a scroll of noise {unknown}
 k - 2 scrolls of fog {unknown}
 n - 3 scrolls of teleportation {unknown}
 o - a scroll of amnesia {unknown}
 p - 2 scrolls of vulnerability {unknown}
 t - 3 scrolls of blinking {unknown}
 y - 2 scrolls of poison {unknown}
 A - a scroll of summoning {unknown}
Potions
 c - 2 potions of ambrosia
 e - 5 potions of heal wounds {unknown}
 h - a potion of mutation {unknown}
 j - a potion of magic {unknown}
 q - a potion of lignification {unknown}
 u - 2 potions of curing {unknown}
 x - 2 potions of flight {unknown}
 z - a potion of brilliance {unknown}


   Skills:
 + Level 5.4 Fighting
 * Level 7.1 Long Blades
 + Level 3.9 Armour
 - Level 3.2 Dodging
 + Level 2.7 Invocations


You had 6 spell levels left.
You didn't know any spells.
Your spell library contained the following spells:

 Spells                   Type           Power      Damage    Failure   Level
 Shock                    Conj/Air       0%         1d3       100%        1
 Swiftness                Air            0%         N/A       100%        3
 Airstrike                Air            0%         2d(0-16)  100%        4


Dungeon Overview and Level Annotations

Branches:
Dungeon (5/15)
 Temple: D:4-7

Altars:
Fedhas
Uskayaw
Vehumet
Wu Jian
Yredelemnul


Innate Abilities, Weirdness & Mutations

You are amphibious.
You cover ground slowly.
You can hop short distances.
You have an extended range of vision and can be seen from far away.


Message History

The centaur shoots an arrow.
The arrow hits you!
The centaur shoots an arrow.
The arrow hits you!
You climb upwards.
There is a stone staircase leading down here.
You start removing your amulet.
You continue taking off your amulet of guardian spirit. x4
You finish taking off your amulet of guardian spirit.
You start putting on your amulet.
You continue putting on your amulet of reflection. x5
You finish putting on your amulet of reflection.
You feel a shielding aura gather around you.
l - an amulet of reflection (around neck)
You start resting.
Magic restored.
You start resting.
HP restored.
You climb downwards.
The ogre barely misses you.
There is a stone staircase leading up, spattered with blood here.
You hit the ogre.
The ogre is lightly wounded.
The centaur shoots an arrow.
You block the arrow with an invisible shield... and reflect it back!
The arrow hits the centaur!
The ogre hits you with a +0 giant club!!
The centaur shoots an arrow.
The arrow barely misses you.
The centaur shoots an arrow.
The arrow hits you. The ogre hits you with a +0 giant club!
* * * LOW HITPOINT WARNING * * *
You climb upwards.
There is a stone staircase leading down here.
You hit the ogre but do no damage.
The ogre is lightly wounded.
You hit the ogre.
The ogre is moderately wounded.
The ogre hits you with a +0 giant club.
* * * LOW HITPOINT WARNING * * *
You whack the ogre!
The ogre is heavily wounded.
The ogre hits you with a +0 giant club!
You die...

###....## #... ####
########.......#####.# ...##
#...#.#...#....#..##.. ....####
##...........##.#...... .......##
#.....#................
........###.....####............#
..........###....................
............#..O)#.#..........#..
.......###..##.)@###.........##..
.............#...[#..............
......<.......##......#....#.....
.........#....#.....#.#.#..##....
........###........##...#........
................#............#>..
.....................##......#...
..##....##..#...##...........#...
......####......##...............


You could see an ogre.

Vanquished Creatures
  Sigmund (D:2)
  A black bear (D:4)
  An ogre (D:5)
  A scorpion (D:4)
  2 orc priests (D:4)
  Robin (D:2)
  3 adders
  A worm (D:4)
  2 dart slugs
  17 orcs
  10 ball pythons
  10 bats
  5 endoplasms
  5 giant cockroaches
  16 goblins
  8 hobgoblins
  5 kobolds
  3 quokkas
  2 frilled lizards (D:1)
  5 rats
99 creatures vanquished.

Notes
Turn   | Place    | Note
-------+----------+-------------------------------------------
     0 | D:1      | jagang the Barachi Monk began the quest for the Orb.
     0 | D:1      | Reached XP level 1. HP: 18/18 MP: 1/1
   149 | D:1      | Reached XP level 2. HP: 24/25 MP: 2/2
   168 | D:1      | Reached skill level 4 in Long Blades
   249 | D:1      | Reached skill level 1 in Armour
   520 | D:1      | Reached XP level 3. HP: 28/30 MP: 3/3
   801 | D:2      | Noticed Sigmund
   811 | D:2      | Killed Sigmund
   812 | D:2      | Reached skill level 5 in Long Blades
   812 | D:2      | Reached skill level 1 in Invocations
   812 | D:2      | Reached XP level 4. HP: 33/38 MP: 3/5
   812 | D:2      | Reached XP level 5. HP: 38/43 MP: 3/6
   836 | D:2      | Noticed Robin
   894 | D:2      | Killed Robin
  1107 | D:2      | Reached XP level 6. HP: 49/49 MP: 7/7
  1384 | D:2      | Identified the +2 whip of Weak Tender Mercy {drain, rPois
                  | Str+8 Int-3}
  1509 | D:3      | Found an ornate altar of the Wu Jian Council.
  1954 | D:3      | Reached skill level 6 in Long Blades
  1972 | D:3      | Found a blossoming altar of Fedhas.
  2240 | D:3      | Found a radiant altar of Vehumet.
  2243 | D:3      | Found a basalt altar of Yredelemnul.
  2248 | D:3      | Found a hide-covered altar of Uskayaw.
  2372 | D:4      | Reached skill level 5 in Fighting
  2547 | D:4      | Noticed a black bear
  2555 | D:4      | Killed a black bear
  2556 | D:4      | Reached XP level 7. HP: 49/56 MP: 8/8
  2924 | D:5      | Entered Level 5 of the Dungeon
  2960 | D:5      | Reached skill level 7 in Long Blades
  3194 | D:4      | Slain by an ogre

Illustrated notes

Levels and vault maps discovered:
D:1:      scummos_arrival_gate, layout_basic, nrook_campfire,
          serial_bayou_ford_a, grunt_decor_clamped
D:2:      layout_loops_ring, serial_bayou_pond_a, uniq_robin, uniq_sigmund
D:3:      layout_loops_ring, mainiacjoe_overflow_surrounded_room,
          grunt_temple_overflow_diamond, lemuel_doored_altar,
          chequers_mini_garden
D:4:      layout_cave_pools
D:5:      layout_cave_pools, mainiacjoe_overflow_six_doors_small,
          gammafunk_ghost_abyssal_escape

Skill      XL: |  1  2  3  4  5  6  7 |
---------------+----------------------+-----
Long Blades    | 4 5 6 7 |  7.1
Armour         | 1 2 3 |  3.9
Fighting       | 4 5 |  5.4
Invocations    | 1 2 |  2.7
Dodging        | |  3.2

Action                     |  1- 3 |  4- 6 |  7- 9 || total
---------------------------+-------+-------+-------++-------
  Melee: Falchion          |    61 |    63 |       ||   124
         Whip              |       |    66 |    53 ||   119
 Armour: Robe              |     7 |       |       ||     7
         Scale mail        |     7 |    62 |       ||    69
         Chain mail        |       |    19 |    11 ||    30
         Plate armour      |       |       |    32 ||    32
  Dodge: Dodged            |    49 |    84 |    32 ||   165
  Block: Orb               |       |       |     1 ||     1
         Reflection        |       |       |     1 ||     1
